 Dungeon Crawl Stone Soup version 0.29-a0-541-gaf1fc19f1b (webtiles) character file.

Game seed: 8925575263434838986

541 Morbidden the Sneak (level 7, 0/35 HPs)
             Began as a Vine Stalker Brigand on June 2, 2022.
             Was an Initiate of Dithmenos.
             Slain by a gnoll
             ... wielding a +0 spear
             ... led by a gnoll sergeant
              (5 damage)
             ... on level 5 of the Dungeon.
             The game lasted 00:07:16 (5513 turns).

Morbidden the Sneak (Vine Stalker Brigand)          Turns: 5513, Time: 00:07:17

Health: 0/35       AC:  3    Str: 14    XL:     7   Next: 26%
Magic:  0/11       EV: 13    Int: 21    God:    Dithmenos [......]
Gold:   246        SH:  0    Dex: 17    Spells: 10/10 levels left

rFire   . . .      SeeInvis .   a - +9 dagger "Qoavvuav" {vorpal, rC+ Will+ Int+4}
rCold   + . .      Faith    .   (no shield)
rNeg    . . .      Spirit   +   A - +0 robe
rPois   .          Reflect  .   (no helmet)
rElec   .          Harm     .   c - +0 cloak
rCorr   .          Rampage  .   (no gloves)
Will    +....                   (no boots)
Stlth   +++.......              t - amulet of the acrobat
HPRegen 0.91/turn               i - +6 ring of intelligence
MPRegen 0.12/turn               (no ring)

@: no status effects
A: fangs 2, regeneration 1, magic shield, antimagic bite, no potion heal 2
a: Renounce Religion


You were on level 5 of the Dungeon.
You worshipped Dithmenos.
Dithmenos was noncommittal.
You visited 2 branches of the dungeon, and saw 6 of its levels.
You also visited: Sewer.

You collected 279 gold pieces.
You spent 33 gold pieces at shops.

Inventory:

Hand Weapons
 a - the +9 dagger "Qoavvuav" (weapon) {vorpal, rC+ Will+ Int+4}
   (You found it on level 2 of the Dungeon)

   It inflicts extra damage upon your enemies.
   Int:       It affects your intelligence (+4).
   rC:        It protects you from cold.
   Will:      It increases your willpower.
 b - a +0 shortbow
Missiles
 d - 14 poisoned darts (quivered)
 e - 3 curare-tipped darts
 B - 2 throwing nets
Armour
 c - a +0 cloak (worn)
 A - a +0 robe (worn)
Jewellery
 i - a +6 ring of intelligence (left hand)
 t - an amulet of the acrobat (around neck)
 y - the ring of Wisdom {Contam rN+ Str+2 Dex+5}
   (You found it on level 3 of the Dungeon)

   [ring of positive energy]

   Str:       It affects your strength (+2).
   Dex:       It affects your dexterity (+5).
   rN:        It protects you from negative energy.
   Contam:    It causes magical contamination when unequipped.
Wands
 w - a wand of charming (5)
 C - a wand of iceblast (5)
 F - a wand of paralysis (7)
Scrolls
 h - a scroll of amnesia {unknown}
 n - 2 scrolls of teleportation
 q - 6 scrolls of identify
 x - 2 scrolls of fog
 z - 2 scrolls of immolation
 D - a scroll of fear
 E - a scroll of enchant armour {unknown}
Potions
 f - a potion of magic {unknown}
 g - 3 potions of curing {unknown}
 j - 3 potions of lignification {unknown}
 k - a potion of cancellation {unknown}
 l - 2 potions of brilliance {unknown}
 m - a potion of haste {unknown}
 o - a potion of might {unknown}
 p - 3 potions of invisibility {unknown}
 r - a potion of heal wounds {unknown}
 s - a potion of ambrosia {unknown}
 u - a potion of mutation {unknown}
 v - a potion of berserk rage {unknown}


   Skills:
 * Level 2.7 Fighting
 * Level 3.7(4.0) Short Blades
 * Level 2.1(3.2) Long Blades
 + Level 0.1 Bows
 + Level 1.8 Throwing
 * Level 2.9 Dodging
 + Level 6.3 Stealth
 * Level 2.1 Spellcasting
 * Level 0.2 Invocations


You had 10 spell levels left.
You didn't know any spells.
Your spell library contained the following spells:

 Spells                   Type           Power      Damage    Failure   Level
 Blink                    Tloc           4%         N/A       22%         2
 Sublimation of Blood     Necr           2%         N/A       22%         2
 Wereblood                Tmut           2%         N/A       22%         2
 Manifold Assault         Tloc           2%         N/A       99%         5
 Storm Form               Tmut/Air       1%         N/A       100%        7
 Summon Hydra             Summ           1%         N/A       100%        7


Dungeon Overview and Level Annotations

Branches:
Dungeon (5/15)             Temple (1/1) D:5           Sewer (visited)

Altars:
Ashenzari
Cheibriados
Dithmenos
Elyvilon
Fedhas
Gozag
Hepliaklqana
Kikubaaqudgha
Makhleb
Nemelex Xobeh
Okawaru
Qazlal
Ru
Sif Muna
Trog
Uskayaw
Vehumet
Xom
Yredelemnul
Zin
The Shining One

Shops:
D:1 ?


Innate Abilities, Weirdness & Mutations

You have extremely sharp teeth.
Your natural rate of healing is unusually fast.
When hurt, damage is shared between your health and your magic reserves.
Your bite disrupts and absorbs the magic of your enemies.
Potions cannot restore your health.


Message History

You climb upwards.
There is a stone staircase leading down here.
Unknown command.
You start resting.
HP restored.
You start resting.
Magic restored.
You start waiting.
Done waiting.
Unknown command.
You climb downwards.
The gnoll sergeant hits you with a +0 spear.
The gnoll closely misses you.
There is a stone staircase leading up here.
Unknown command.
You hit the gnoll sergeant but do no damage.
You bite the gnoll sergeant. You drain its power.
You feel invigorated.
The gnoll sergeant is lightly wounded.
The gnoll sergeant hits you with a +0 spear.
The gnoll barely misses you.
You hit the gnoll sergeant.
You punch the gnoll sergeant, but do no damage.
Your bite misses the gnoll sergeant.
The gnoll sergeant is moderately wounded.
The gnoll sergeant completely misses you.
The gnoll hits you from afar with a +0 halberd!
You hit the gnoll sergeant but do no damage.
The gnoll sergeant is moderately wounded.
The gnoll barely misses you.
The gnoll sergeant hits you with a +0 spear.
You hit the gnoll sergeant.
The gnoll sergeant is heavily wounded.
You hit the gnoll sergeant but do no damage.
You bite the gnoll sergeant, but do no damage.
The gnoll sergeant is heavily wounded.
The gnoll hits you from afar with a +0 halberd!
The gnoll sergeant hits you with a +0 spear!
* * * LOW HITPOINT WARNING * * *
The gnoll hits you from afar with a +0 spear.
You die...

#..+....#...#..... #...#....
...##...##..#.....# +...#....
...##...#####.....#+#########....
#..##...#..................####..
#..##...#..................#..#..
#.......#..................+..#..
##.##'###..................#..#..
###.......................#..#..
#............@..........#..'..
#.............g.........#'##..
##....####..gg#########....###
#....#..#....#...#...#....+
#....#..#....'...#...#....#
#....#..#....#..##...#....#
+....#..#....#.g##...#....#
#....'..'....#...)...#....+
#....#..#....#..##...#....#


You could see a gnoll sergeant and 2 gnolls.

Vanquished Creatures
  A scorpion (D:5)
  2 orc priests (D:5)
  A jelly (D:5)
  2 iguanas (D:4)
  A hell rat (Sewer)
  4 gnolls
  7 adders
  A river rat (Sewer)
  3 worms
  5 dart slugs
  7 orcs
  5 bats
  6 endoplasms
  4 giant cockroaches
  8 goblins
  6 hobgoblins
  9 jackals
  4 quokkas
  3 ball pythons
  5 frilled lizards
  13 kobolds
  14 rats
  A spectral kobold (D:1)
112 creatures vanquished.

Vanquished Creatures (collateral kills)
  An ogre (D:4)
1 creature vanquished.

Vanquished Creatures (others)
  12 plants (D:2)
12 creatures vanquished.

Grand Total: 125 creatures vanquished

Notes
Turn   | Place    | Note
-------+----------+-------------------------------------------
     0 | D:1      | Morbidden the Vine Stalker Brigand began the quest for the
                  | Orb.
     0 | D:1      | Reached XP level 1. HP: 11/11 MP: 2/2
   189 | D:1      | Reached skill level 5 in Stealth
   189 | D:1      | Reached XP level 2. HP: 9/15 MP: 3/3
   396 | D:1      | Reached skill level 1 in Dodging
   600 | D:1      | Found a faded altar of an unknown god.
   984 | D:1      | Reached skill level 1 in Long Blades
  1132 | D:1      | Reached XP level 3. HP: 18/18 MP: 4/4
  1354 | D:1      | Found Qoorr's Magic Scroll Emporium.
  1362 | D:1      | Bought a scroll of teleportation for 33 gold pieces
  2398 | D:2      | Gained mutation: Your natural rate of healing is unusually
                  | fast. [Vine Stalker growth]
  2398 | D:2      | Reached XP level 4. HP: 19/23 MP: 6/6
  2504 | D:2      | Reached skill level 1 in Spellcasting
  2560 | D:2      | Identified the +9 dagger "Qoavvuav" {vorpal, rC+ Will+
                  | Int+4}
  3306 | D:3      | Identified the ring of Wisdom {Contam rN+ Str+2 Dex+5}
  3833 | D:4      | Reached XP level 5. HP: 26/26 MP: 7/7
  3898 | D:4      | Noticed an ogre
  3918 | D:4      | Killed an ogre
  3919 | D:4      | Reached skill level 6 in Stealth
  3919 | D:4      | Reached XP level 6. HP: 16/31 MP: 3/9
  4126 | D:4      | Found a glowing drain.
  4135 | Sewer    | Entered a sewer
  4640 | D:5      | Entered Level 5 of the Dungeon
  4672 | D:5      | Found a staircase to the Ecumenical Temple.
  4685 | Temple   | Entered the Ecumenical Temple
  4933 | Temple   | Became a worshipper of Dithmenos the Shadowed
  5063 | D:5      | Reached XP level 7. HP: 19/35 MP: 8/10
  5513 | D:5      | Slain by a gnoll

Illustrated notes

Levels and vault maps discovered:
D:1:      kilobyte_arrival_exit_the_forest, layout_rooms, serial_shops,
          nicolae_square_shop, dreamdust_ecumenical_altar_drowned_temple
D:2:      layout_loops_ring, lexackson_kobold_supper
D:3:      layout_basic, st_stairs_3
D:4:      layout_loops_ring, gup_sewer_entry_bubbles
D:5:      layout_gridville, minmay_temple_entry_proselytizer,
          ebering_ghost_sewer_f, kennysheep_potato
Temple:   mainiacjoe_temple_hex_bubbles

Skill      XL: |  1  2  3  4  5  6  7 |
---------------+----------------------+-----
Stealth        | 5 6 |  6.3
Dodging        | 1 2 |  2.9
Long Blades    | 1 2 |  2.1
Short Blades   | 2 3 |  3.7
Fighting       | 2 |  2.7
Spellcasting   | 1 2 |  2.1
Bows           | |  0.1
Throwing       | |  1.8
Invocations    | |  0.2

Action                   |  1- 3 |  4- 6 |  7- 9 || total
-------------------------+-------+-------+-------++-------
Melee: Dagger            |   122 |   140 |    32 ||   294
       Punch             |     4 |       |     1 ||     5
       Bite              |    27 |    19 |    12 ||    58
 Fire: Shortbow          |       |     4 |       ||     4
Throw: Dart              |     7 |       |     2 ||     9
  Use: Scroll            |       |     7 |       ||     7
 Stab: Sleeping          |    10 |    15 |     1 ||    26
Armor: Robe              |    40 |    19 |     1 ||    60
Dodge: Dodged            |    80 |    66 |    32 ||   178

Table legend: (Time is in decaauts)
 A = Elapsed time spent in this place.
 B = Non-inter-level travel time spent in this place.
 C = Inter-level travel time spent in this place.
 D = Time resting spent in this place.
 E = Time spent auto-exploring this place.
 F = Levels seen in this place.
 G = Mean time per level.
                   A        B        C        D        E       F      G
               +--------+--------+--------+--------+--------+-----+--------+
         Total |   5521 |   5301 |    220 |    739 |   3533 |   7 |  788.7 |
       Dungeon |   5149 |   5001 |    148 |    739 |   3281 |   5 | 1029.8 |
        Temple |    286 |    214 |     72 |      0 |    212 |   1 |  286.0 |
         Sewer |     85 |     85 |      0 |      0 |     39 |   1 |   85.0 |
               +--------+--------+--------+--------+--------+-----+--------+

Top non-repeatable levels by time:
     D:1: 1762 daAuts
     D:2: 1299 daAuts
     D:4: 983 daAuts
     D:3: 723 daAuts
     D:5: 381 daAuts
  Temple: 286 daAuts
   Sewer: 85 daAuts
